 Dungeon Crawl Stone Soup version 0.24-a0-486-ged8816983f (webtiles) character file.

Game seed: 7365640363854020800

700 Gaball the Conjurer (level 7, -9/48 HPs)
             Began as a Mummy Conjurer on July 9, 2019.
             Was an Initiate of Gozag.
             Shot with an arrow by a centaur (13 damage)
             ... on level 6 of the Dungeon.
             The game lasted 00:15:24 (5850 turns).

Gaball the Conjurer (Mummy Conjurer)                Turns: 5850, Time: 00:15:25

Health: -9/48      AC:  2    Str: 12    XL:     7   Next: 38%
Magic:  6/14       EV: 12    Int: 16    God:    Gozag
Gold:   411        SH:  0    Dex: 12    Spells: 8/16 levels left

rFire    x . .     SeeInvis .   k - +1 war axe (freeze)
rCold    + . .     Gourm    .   (no shield)
rNeg     + + +     Faith    .   a - +0 robe
rPois    ∞         Spirit   .   (no helmet)
rElec    .         Reflect  .   (no cloak)
rCorr    .         Harm     .   (no gloves)
MR       .....                  (no boots)
Stlth    ++........             (no amulet)
HPRegen  0.16/turn              (no ring)
MPRegen  0.14/turn              (no ring)

@: very slightly contaminated
A: no food or potions, fire vulnerability, cold resistance 1, negative energy
resistance 3, torment resistance, unbreathing
a: Potion Petition, Call Merchant, Bribe Branch, Renounce Religion


You were on level 6 of the Dungeon.
You worshipped Gozag.
Gozag was aware of your devotion.
You were not hungry.

You visited 2 branches of the dungeon, and saw 7 of its levels.

You collected 461 gold pieces.
You paid 50 gold pieces to Gozag.

Inventory:

Hand Weapons
 d - a +0 short sword
 k - a +1 war axe of freezing (weapon)
Armour
 a - a +0 robe (worn)
Jewellery
 f - an uncursed ring of poison resistance {unknown}
Wands
 i - a wand of polymorph (9)
Scrolls
 b - 5 scrolls of identify {unknown}
 c - 2 scrolls of random uselessness {unknown}
 e - 4 scrolls of enchant armour {unknown}
 g - 4 scrolls of teleportation {unknown}
 h - a scroll of fog {unknown}
 j - 4 scrolls of remove curse {unknown}
 l - 2 scrolls of immolation {unknown}


   Skills:
 - Level 1.2 Fighting
 - Level 1.5 Dodging
 - Level 3.1 Stealth
 - Level 5.1 Spellcasting
 * Level 6.3 Conjurations


You had 8 spell levels left.
You knew the following spells:

 Your Spells              Type           Power        Failure   Level  Hunger
a - Magic Dart            Conj           ###.         1%          1    N/A
b - Dazzling Spray        Conj/Hex       ##....       12%         3    N/A
c - Iskenderun's Mystic   Conj           ###.....     11%         4    N/A

Your spell library contained the following spells:

 Spells                   Type           Power        Failure   Level  Hunger
 Searing Ray              Conj           ###...       1%          2    N/A
 Force Lance              Conj/Tloc      ##......     38%         4    N/A
 Fulminant Prism          Conj/Hex       ##........   38%         4    N/A

Dungeon Overview and Level Annotations

Branches:
Dungeon (6/15)             Temple (1/1) D:4

Altars:
Cheibriados
Dithmenos
Gozag
Makhleb
Okawaru
Qazlal
Uskayaw
Wu Jian
Xom
Yredelemnul
Zin
The Shining One

Annotations:
D:2 Robin


Innate Abilities, Weirdness & Mutations

You do not eat or drink.
Your flesh is vulnerable to fire.
You are immune to poison.
Your flesh is cold resistant. (rC+)
You are immune to negative energy. (rN+++)
You are immune to unholy pain and torment.
You can survive without breathing.


Message History

Confirm with . or Enter, or press ? or * to list all spells.
Aiming: Dazzling Spray (safe; 12% risk of failure)
Press: ? - help, Shift-Dir - straight line, f/p - centaur
Aim: a centaur, wielding a +0 shortbow (heavily wounded)
The spray of energy hits the centaur.
The centaur is severely wounded.
The centaur is dazzled.
The centaur shoots an arrow.
The arrow hits you!
* * * LOW HITPOINT WARNING * * *
Unknown command.
Casting: Dazzling Spray (safe; 12% risk of failure)
Confirm with . or Enter, or press ? or * to list all spells.
Aiming: Dazzling Spray (safe; 12% risk of failure)
Press: ? - help, Shift-Dir - straight line, f/p - centaur
Aim: a centaur, wielding a +0 shortbow (severely wounded, blind)
You miscast Dazzling Spray.
You are very lightly contaminated with residual magic.
Your skin tingles.
The centaur is no longer blind.
The centaur shoots an arrow.
The arrow hits you!
You die...
Your body crumbles into a pile of gold.

#.#.# #.# ..
#########.#.# #.####...
#...........###........
#.#######.....(.......#
#.# #######.###### #.#
#(#### #.# #.c.c# #.#
#.##.# ##.# #@# # ...#
#.# .#.# #.. ...# ##.#
#.## .# #.# .# #. #.#
.# #) $ #.# .# #. #.#
####.##


You could see a centaur.

Vanquished Creatures
  An ogre (D:5)
  A necrophage (D:5)
  A centaur (D:6)
  A scorpion (D:4)
  A crimson imp (D:5)
  An orc priest (D:4)
  A centaur skeleton (D:4)
  5 worker ants
  A hound skeleton (D:4)
  3 gnolls (D:4)
  5 adders
  A shadow imp (D:5)
  An ooze (D:3)
  A worm (D:3)
  A dart slug (D:2)
  2 leopard geckos
  4 orcs
  A ball python (D:3)
  4 bats
  3 giant cockroaches
  10 hobgoblins
  9 jackals
  2 kobolds
  2 quokkas
  4 frilled lizards
  11 goblins
  A quokka zombie (D:5)
  7 rats
85 creatures vanquished.

Notes
Turn   | Place    | Note
-------+----------+-------------------------------------------
     0 | D:1      | Gaball the Mummy Conjurer began the quest for the Orb.
     0 | D:1      | Reached XP level 1. HP: 13/13 MP: 4/4
   487 | D:1      | Reached XP level 2. HP: 20/20 MP: 4/6
  1259 | D:2      | Noticed Robin
  1483 | D:2      | Reached skill level 1 in Fighting
  1534 | D:2      | Reached XP level 3. HP: 26/26 MP: 3/7
  1591 | D:2      | Learned a level 3 spell: Dazzling Spray
  1831 | D:2      | Found a glowing golden altar of the Shining One.
  2713 | D:3      | Reached XP level 4. HP: 28/32 MP: 0/9
  3082 | D:4      | Reached skill level 4 in Conjurations
  3435 | D:4      | Found a staircase to the Ecumenical Temple.
  3447 | D:4      | Reached XP level 5. HP: 35/37 MP: 7/11
  3455 | Temple   | Entered the Ecumenical Temple
  3487 | Temple   | Became a worshipper of Gozag Ym Sagoz the Greedy
  3654 | D:4      | Reached XP level 6. HP: 19/43 MP: 3/13
  4492 | D:4      | Reached skill level 5 in Spellcasting
  4492 | D:4      | Reached skill level 5 in Conjurations
  4700 | D:5      | Entered Level 5 of the Dungeon
  5166 | D:5      | Found a snail-covered altar of Cheibriados.
  5201 | D:5      | Reached XP level 7. HP: 44/48 MP: 7/14
  5270 | D:6      | Reached skill level 6 in Conjurations
  5623 | D:5      | Learned a level 4 spell: Iskenderun's Mystic Blast
  5850 | D:6      | Shot with an arrow by a centaur

Levels and vault maps discovered:
D:1:      dpeg_arrival_snail, layout_basic, dk_noncrumbling_3
D:2:      layout_loops_corners, old_standard_altar, serial_bayou_pond_e,
          minmay_goblin_outpost, uniq_robin
D:3:      layout_loops_ring
D:4:      layout_loops_ring, minmay_temple_entry_statues_fountains,
          first_ration, kennysheep_generic_room_6
D:5:      layout_gridville, kennysheep_mini, chequers_serial_rivers_micro_b
D:6:      layout_loops_ring, chequers_temple_overflow_statue_of_worship
Temple:   regret_index_temple_mists

Skill      XL: |  1  2  3  4  5  6  7 |
---------------+----------------------+-----
Spellcasting   | 3 4 5 |  5.1
Fighting       | 1 |  1.2
Stealth        | 2 3 |  3.1
Conjurations   | 4 5 6 |  6.3
Dodging        | |  1.5

Action                   |  1- 3 |  4- 6 |  7- 9 || total
-------------------------+-------+-------+-------++-------
Melee: Short sword       |    23 |       |       ||    23
       Spear             |    39 |       |       ||    39
       War axe           |       |   100 |    16 ||   116
 Cast: Magic Dart        |    70 |    49 |     4 ||   123
       Dazzling Spray    |     1 |    19 |     3 ||    23
       Iskenderun's Myst |       |       |     2 ||     2
 Stab: Sleeping          |     5 |     1 |       ||     6
       Invisible         |       |     6 |       ||     6
       Distracted        |       |     1 |       ||     1
Armor: Robe              |     6 |    12 |     1 ||    19
Dodge: Dodged            |    50 |    98 |    17 ||   165

Table legend:
 A = Non-vault XP
 B = Vault XP
 C = Vault XP percentage of total XP
 D = Non-vault monster count
 E = Vault monster count
 F = Vault count percentage of total count
                 A         B        C        D         E       F
            +---------+---------+-------+---------+---------+-------
      Total |     944 |      57 |   5.7 |      75 |      10 |  11.8
            +---------+---------+-------+---------+---------+-------
        D:1 |      20 |       4 |  16.7 |      12 |       2 |  14.3
        D:2 |      26 |      14 |  35.0 |      13 |       7 |  35.0
        D:3 |      50 |       0 |   0.0 |      20 |       0 |   0.0
        D:4 |     391 |      39 |   9.1 |      21 |       1 |   4.5
        D:5 |     345 |       0 |   0.0 |       8 |       0 |   0.0
        D:6 |     112 |       0 |   0.0 |       1 |       0 |   0.0
            +---------+---------+-------+---------+---------+-------
